 Dungeon Crawl Stone Soup version 0.19.1-1-g22dce08 (webtiles) character file.

5605 Gargoyl the Protected (level 10, -7/83 (84) HPs)
             Began as a Ghoul Abyssal Knight on Dec 29, 2016.
             Was an Elder of Lugonu.
             Killed from afar by Azzok's ghost (18 damage)
             ... with a stone arrow
             ... on level 10 of the Dungeon on Dec 30, 2016.
             The game lasted 00:21:13 (8935 turns).

Gargoyl the Protected (Ghoul Abyssal Knight)        Turns: 8935, Time: 00:21:13

HP:   -7/83 (84)    AC: 20    Str: 22    XL:     10   Next: 73%
MP:   14/14         EV:  8    Int:  7    God:    Lugonu [****..]
Gold: 153           SH:  0    Dex: 10    Spells: 0 memorised, 9 levels left

rFire  . . .     SeeInvis .     f - +5 hand axe (drain)
rCold  + . .     Gourm    .     M - +0 plate armour
rNeg   + + +     Faith    .     (no shield)
rPois  ∞         Spirit   .     g - +2 hat
rElec  .         Reflect  .     u - +0 cloak
rCorr  .         Harm     .     o - +0 pair of gloves
MR     .....                    m - +0 pair of boots
Stlth  ..........               (no amulet)
                                (no ring)
                                y - +4 ring of strength

@: rotting
A: rotting body, claws 1, carnivore 3, cold resistance 1, negative energy
resistance 3, slow regeneration 1, torment resistance, unbreathing
a: Depart the Abyss, Bend Space, Banish, Corrupt, Renounce Religion


You were on level 10 of the Dungeon.
You worshipped Lugonu.
Lugonu was greatly pleased with you.
You were not hungry.

You visited 1 branch of the dungeon, and saw 10 of its levels.
You visited the Abyss 1 time.

You collected 393 gold pieces.
You spent 240 gold pieces at shops.

Inventory:

Hand Weapons
 a - a +1 hand axe
 f - a +5 hand axe of draining (weapon)
 q - a +0 blowgun
 J - a +0 war axe
Missiles
 r - 26 poisoned needles
 A - 7 javelins (quivered)
Armour
 g - a +2 hat (worn)
 m - a +0 pair of boots (worn)
 o - a +0 pair of gloves (worn)
 u - a +0 cloak (worn)
 M - a +0 plate armour (worn)
Jewellery
 y - a +4 ring of strength (left hand)
 C - an uncursed ring of flight
Wands
 D - a wand of lightning (4/15)
 F - a wand of iceblast (7/15)
Scrolls
 j - a scroll of amnesia
 k - 6 scrolls of remove curse
 p - a scroll of magic mapping
Potions
 b - 3 potions of brilliance {unknown}
 d - a potion of berserk rage
 e - 2 potions of curing
 h - 2 potions of agility
 i - a potion of magic
 l - a potion of cure mutation
 s - 2 potions of haste
 t - 4 potions of resistance
 v - a potion of cancellation {unknown}
 x - 2 potions of heal wounds
 B - a potion of lignification
 H - a potion of invisibility {unknown}
Books
 G - a book of Changes

   Spells                             Type                      Level
   a - Beastly Appendage              Transmutation                1
   b - Sticks to Snakes               Transmutation                2
   c - Spider Form                    Transmutation/Poison         3
   d - Ice Form                       Ice/Transmutation            4
   e - Blade Hands                    Transmutation                5
 I - a book of Callings

   Spells                             Type                      Level
   a - Summon Small Mammal            Summoning                    1
   b - Call Imp                       Summoning                    2
   c - Call Canine Familiar           Summoning                    3
   d - Summon Guardian Golem          Hexes/Summoning              3
   e - Summon Lightning Spire         Summoning/Air                4
   f - Summon Ice Beast               Ice/Summoning                4
Comestibles
 c - 7 meat rations
 n - 8 beef jerkies
 z - 2 slices of pizza
 E - a royal jelly


   Skills:
 + Level 6.4 Fighting
 + Level 8.3 Axes
 + Level 0.3 Throwing
 * Level 9.0 Armour
 + Level 2.8 Dodging
 * Level 7.3 Invocations


You had 9 spell levels left.
You didn't know any spells.

Dungeon Overview and Level Annotations

Branches:
Dungeon (10/15)            Temple (0/1) D:6
   Lair: D:8-11         Orc: D:9-12

Altars:
Cheibriados
Fedhas
Hepliaklqana
Kikubaaqudgha
Makhleb
Nemelex Xobeh
Okawaru
Ru
Sif Muna
Uskayaw
The Shining One

Shops:
D:5 !

Annotations:
D:9 exclusion: orange crystal statue
D:10 Azzok's ghost, journeyman GrEE


Innate Abilities, Weirdness & Mutations

Your body is rotting away.
You thrive on raw meat.
You are immune to poison.
You have sharp fingernails.
You are carnivorous and can eat meat at any time.
Your flesh is cold resistant. (rC+)
You are immune to negative energy. (rN+++)
You regenerate slowly when monsters are visible.
You are immune to unholy pain and torment.
You can survive without breathing.


Message History

You barely miss Azzok's ghost.
Azzok's ghost is severely damaged.
Azzok's ghost hits you but does no damage.
Your plate armour prevents you from hitting Azzok's ghost.
Azzok's ghost is severely damaged.
Azzok's ghost hits you but does no damage.
You hit Azzok's ghost but do no damage.
Azzok's ghost is severely damaged.
Azzok's ghost casts a spell at you. The stone arrow hits you!
Your plate armour prevents you from hitting Azzok's ghost.
Azzok's ghost is severely damaged.
Azzok's ghost casts a spell at you. The stone arrow hits you!
* * * LOW HITPOINT WARNING * * *
You hit Azzok's ghost.
Azzok's ghost is severely damaged.
Azzok's ghost gestures at you while chanting.
The stone arrow hits you!
You die...

.....................^..
...######.[.##...###...
... #...##...# ..
#...##...### .
#...##.....#
#....####''####
#...##≈≈≈..≈≈≈##
#..##≈§.W....≈≈#
#≈≈..@##...§§# #≈§....#
...§§≈ #≈≈.....# ....§≈
#≈≈......# ..).§.
#≈......## ...§.
#§.....## ...§ #§.####
#≈§


You could see Azzok's ghost.

Vanquished Creatures
  The ghost of Kiel97 the Slicer, a novice HEHu of Okawaru (D:8)
  Pikel (D:8)
  Joseph (D:7)
  A two-headed ogre (D:9)
  A hippogriff (D:7)
  The ghost of maxonian the Skirmisher, an amateur FoAK of Lugonu (D:5)
  An orc warrior (D:9)
  3 sky beasts
  3 ice beasts
  A black bear (D:6)
  7 ogres
  2 phantoms
  4 centaurs
  A big kobold (D:6)
  A bullfrog (D:8)
  A water moccasin skeleton (D:4)
  2 scorpions
  3 wights (D:7)
  A howler monkey (D:4)
  A lava snake (D:10)
  2 crimson imps
  2 centaur zombies (D:5)
  A quasit (D:9)
  A bullfrog skeleton (D:8)
  3 hounds
  3 jellies
  A gnoll shaman (D:8)
  6 orc priests
  6 orc wizards
  Ijyb (D:3)
  3 worker ants
  3 iguanas
  A howler monkey zombie (D:6)
  2 worker ant zombies
  7 gnolls (D:8)
  A howler monkey skeleton (D:5)
  5 adders
  3 oozes
  An adder skeleton (D:6)
  An adder zombie (D:10)
  5 dart slugs
  4 leopard geckos
  33 orcs
  8 bats
  8 giant cockroaches
  4 goblins
  10 hobgoblins
  19 jackals
  2 quokkas
  A ball python (D:3)
  4 frilled lizards
  11 kobolds
  A leopard gecko skeleton (D:8)
  12 rats
212 creatures vanquished.

Vanquished Creatures (others)
  A gargoyle (D:9)
  An orc wizard (D:8)
  2 plants (D:6)
4 creatures vanquished.

Grand Total: 216 creatures vanquished

Notes
Turn   | Place    | Note
-------+----------+-------------------------------------------
     0 | Abyss:1  | Gargoyl the Ghoul Abyssal Knight began the quest for the Orb.
     0 | Abyss:1  | Reached XP level 1. HP: 19/19 MP: 1/1
    36 | Abyss:2  | Noticed a large abomination
    77 | Abyss:2  | Noticed a large abomination
    91 | Abyss:2  | Noticed a ynoxinul
    95 | Abyss:2  | Noticed a crimson imp
    96 | Abyss:2  | Noticed a crimson imp
    98 | Abyss:2  | Noticed a shadow
    99 | D:1      | Escaped the Abyss
   556 | D:1      | Reached skill level 2 in Armour
   556 | D:1      | Reached XP level 2. HP: 22/25 MP: 2/2
   595 | D:1      | Reached * piety under Lugonu
  1038 | D:2      | Reached skill level 1 in Dodging
  1038 | D:2      | Reached XP level 3. HP: 32/33 MP: 3/3
  1156 | D:2      | Reached XP level 4. HP: 40/40 MP: 4/4
  1216 | D:2      | Reached ** piety under Lugonu
  1237 | D:2      | Found a sparkling altar of Nemelex Xobeh.
  1571 | D:3      | Found a faded altar of an unknown god.
  1681 | D:3      | Reached XP level 5. HP: 44/46 MP: 5/5
  1750 | D:3      | Found an ancient bone altar of Kikubaaqudgha.
  1751 | D:3      | Found a blossoming altar of Fedhas.
  1774 | D:3      | Noticed Ijyb
  1783 | D:3      | Killed Ijyb
  2216 | D:3      | Reached skill level 3 in Armour
  2484 | D:4      | Noticed an ogre
  2492 | D:4      | Killed an ogre
  2492 | D:4      | Reached XP level 6. HP: 19/52 MP: 7/7
  2641 | D:4      | Found a glowing golden altar of the Shining One.
  2745 | D:4      | Reached *** piety under Lugonu
  2762 | D:4      | Reached XP level 7. HP: 42/59 MP: 8/8
  3108 | D:4      | Reached skill level 4 in Armour
  3153 | D:4      | Found a hazy altar of Hepliaklqana.
  3267 | D:4      | Found a snail-covered altar of Cheibriados.
  3267 | D:4      | Found an iron altar of Okawaru.
  3267 | D:4      | Found a sacrificial altar of Ru.
  3270 | D:4      | Found a hide-covered altar of Uskayaw.
  3273 | D:4      | Found a deep blue altar of Sif Muna.
  3415 | D:5      | Entered Level 5 of the Dungeon
  3582 | D:5      | Found Doagomp's Distillery.
  3591 | D:5      | Bought a potion of might for 40 gold pieces
  3591 | D:5      | Bought a potion of heal wounds for 50 gold pieces
  3591 | D:5      | Bought a potion of heal wounds for 50 gold pieces
  3780 | D:5      | Noticed maxonian's ghost (amateur FoAK)
  3830 | D:5      | Killed maxonian's ghost
  3830 | D:5      | Reached skill level 5 in Axes
  3830 | D:5      | Reached XP level 8. HP: 28/66 MP: 10/10
  3930 | D:5      | Bought a potion of haste for 100 gold pieces
  3953 | D:6      | Found a sacrificial altar of Ru.
  3984 | D:6      | Found a staircase to the Ecumenical Temple.
  4210 | D:5      | Reached skill level 5 in Armour
  4500 | D:6      | Reached skill level 5 in Invocations
  4654 | D:6      | Reached skill level 5 in Fighting
  4895 | D:6      | Reached skill level 6 in Armour
  4997 | D:6      | Reached XP level 9. HP: 57/74 MP: 12/12
  5286 | D:7      | Noticed Joseph
  5303 | D:7      | Killed Joseph
  5356 | D:7      | Found a burning altar of Makhleb.
  5358 | D:7      | Noticed an Executioner
  5739 | D:8      | Reached skill level 7 in Armour
  6030 | D:8      | Reached **** piety under Lugonu
  6190 | D:8      | Noticed Kiel97's ghost (novice HEHu)
  6244 | D:8      | HP: 3/74 [Kiel97's ghost (1)]
  6249 | D:8      | Killed Kiel97's ghost
  6249 | D:8      | Reached XP level 10. HP: 17/83 MP: 12/14
  6677 | D:8      | Noticed a purple ugly thing
  6686 | D:8      | Noticed a purple ugly thing
  6687 | D:8      | Noticed a hill giant
  6687 | D:8      | Noticed a five-headed hydra
  6699 | D:8      | Reached skill level 8 in Armour
  8093 | D:9      | Noticed an orange crystal statue
  8094 | D:9      | Noticed a gargoyle
  8098 | D:9      | Noticed Pikel
  8361 | D:8      | Killed Pikel
  8386 | D:9      | Banished a gargoyle
  8756 | D:10     | Entered Level 10 of the Dungeon
  8784 | D:10     | Reached skill level 9 in Armour
  8895 | D:10     | Noticed Azzok's ghost (journeyman GrEE)
  8935 | D:10     | Killed from afar by Azzok's ghost

Skill      XL: |  1  2  3  4  5  6  7  8  9 10 |
---------------+-------------------------------+-----
Armour         | 2 3 4 6 7 9 |  9.0
Dodging        | 1 2 |  2.8
Axes           | 2 3 4 5 6 7 8 |  8.3
Fighting       | 4 5 6 |  6.4
Invocations    | 3 4 5 6 7 |  7.3
Throwing       | |  0.3

Action                   |  1- 3 |  4- 6 |  7- 9 | 10-12 || total
-------------------------+-------+-------+-------+-------++-------
Melee: Hand axe          |    60 |   192 |   457 |   237 ||   946
Throw: Javelin           |       |       |     2 |     7 ||     9
Invok: Depart the Abyss  |     1 |       |       |       ||     1
       Banish            |       |       |       |     1 ||     1
  Use: Scroll            |       |     6 |     9 |     8 ||    23
       Potion            |       |       |     3 |       ||     3
  Eat: Chunk             |    11 |    21 |    49 |    21 ||   102
Armor: Ring mail         |    39 |       |       |       ||    39
       Chain mail        |     1 |   139 |   304 |    83 ||   527
       Plate armour      |       |       |       |    95 ||    95
Dodge: Dodged            |    58 |    56 |   159 |    85 ||   358
